 Dungeon Crawl Stone Soup version 0.30-a0-772-g5528072125 (webtiles) character file.

Game seed: 17358388381959219695

559 kingofthe the Conjurer (level 7, -4/41 HPs)
             Began as an Octopode Conjurer on Feb 12, 2023.
             Was an Initiate of Sif Muna.
             Slain by an ogre
             ... wielding a +0 giant club
              (22 damage)
             ... on level 4 of the Dungeon.
             The game lasted 00:09:36 (4567 turns).

kingofthe the Conjurer (Octopode Conjurer)          Turns: 4567, Time: 00:09:37

Health: -4/41      AC:  5    Str: 10    XL:     7   Next: 31%
Magic:  2/13       EV: 14    Int: 20    God:    Sif Muna [......]
Gold:   292        SH:  0    Dex: 12    Spells: 10/14 levels left

rFire   . . .      SeeInvis .    p - +2 dagger (vamp)
rCold   . . .      Faith    .    (no shield)
rNeg    . . .      Spirit   .    (helmet restricted)
rPois   +          Reflect  .    (no amulet)
rElec   +          Harm     .    q - ring "Cetuinia" {Fly rElec rPois AC+4 Str+3}
rCorr   +          Rampage  .    h - ring of resist corrosion
Will    .....                    (no ring)
Stlth   ++++                     (no ring)
HPRegen 0.26/turn                (no ring)
MPRegen 0.13/turn                (no ring)
                                 (no ring)
                                 (no ring)

@: flying
A: almost no armour, amphibious, 8 rings, camouflage 1, gelatinous body 1,
(nimble swimmer 1), tentacles
a: Renounce Religion


You were on level 4 of the Dungeon.
You worshipped Sif Muna.
Sif Muna was noncommittal.
You visited 1 branch of the dungeon, and saw 4 of its levels.

You collected 292 gold pieces.

Inventory:

Hand Weapons
 k - a +1 dagger of venom
 p - a +2 vampiric dagger (weapon)
Jewellery
 h - a ring of resist corrosion (right tentacle)
 q - the ring "Cetuinia" (left tentacle) {Fly rElec rPois AC+4 Str+3}
   (You found it on level 4 of the Dungeon)

   [ring of protection]

   AC:        It affects your AC (+4).
   Str:       It affects your strength (+3).
   rElec:     It insulates you from electricity.
   rPois:     It protects you from poison.
   Fly:       It grants you flight.
Wands
 l - a wand of polymorph (8)
Scrolls
 b - 7 scrolls of identify {unknown}
 c - 2 scrolls of magic mapping {unknown}
 e - a scroll of fog {unknown}
 f - 2 scrolls of vulnerability {unknown}
 i - a scroll of teleportation {unknown}
 m - a scroll of enchant weapon {unknown}
Potions
 a - a potion of magic
 d - 2 potions of brilliance {unknown}
 g - a potion of haste {unknown}
 j - a potion of berserk rage {unknown}
 n - a potion of cancellation {unknown}
 o - a potion of attraction {unknown}


   Skills:
 * Level 4.2 Dodging
 + Level 5.0 Stealth
 * Level 4.3 Spellcasting
 * Level 5.6 Conjurations


You had 10 spell levels left.
You knew the following spells:

 Your Spells              Type           Power      Damage    Failure   Level
a - Magic Dart            Conj           100%       1d8       1%          1
b - Searing Ray           Conj           52%        2d6       1%          2
y - Apportation           Tloc           8%         N/A       12%         1

Your spell library contained the following spells:

 Spells                   Type           Power      Damage    Failure   Level
 Static Discharge         Conj/Air       30%        2-4/arc   6%          2
 Dazzling Flash           Conj/Hex       30%        N/A       12%         3
 Ozocubu's Armour         Ice            4%         N/A       36%         3
 Vhi's Electric Charge    Tloc/Air       8%         N/A       36%         3
 Fulminant Prism          Conj/Hex       7%         3d6       36%         4
 Iskenderun's Mystic Bla  Conj/Tloc      15%        2d5       36%         4
 Arcjolt                  Conj/Air       7%         1d17      73%         5
 Lightning Bolt           Conj/Air       7%         1d20      73%         5
 Ozocubu's Refrigeration  Ice            2%         4d7       100%        7


Dungeon Overview and Level Annotations

Branches:
Dungeon (4/15)
 Temple: D:4-7

Altars:
Ashenzari
Kikubaaqudgha
Sif Muna
Vehumet


Innate Abilities, Weirdness & Mutations

You cannot wear most types of armour.
You are amphibious.
You can wear up to eight rings at the same time.
Your skin changes colour to match your surroundings (Stealth+).
Your rubbery body absorbs attacks. (AC +1, EV +1)
((You are camouflaged when in or above water. (Stealth+)))
You have tentacles for arms and can constrict up to eight enemies at once.


Message History

A water moccasin comes into view.
Your Dodging skill increases to level 4!
Found 3 stones.
An ogre comes into view. It is wielding a +0 giant club.
The adder attacks as you move away! The adder misses you.
Casting: Searing Ray (safe; 1% risk of failure)
Confirm with . or Enter, or press ? or * to list all spells.
Aiming: Searing Ray (safe; 1% risk of failure)
Press: ? - help, Shift-Dir - straight line, f - water moccasin
Aim: a water moccasin (66% to hit)
The searing ray hits the water moccasin!
The water moccasin is moderately wounded. (Press . to maintain the ray.)
The ogre shouts!
The water moccasin misses you.
The searing ray hits the water moccasin!
The water moccasin is severely wounded.
The water moccasin bites you but does no damage.
The water moccasin bites you!
The searing ray hits the water moccasin!
You kill the water moccasin!
Sif Muna accepts your kill.
Your Stealth skill increases to level 5!
You barely miss the adder. You grab the adder. You constrict the adder.
The adder bites you. x2
You barely miss the adder.
The adder is lightly wounded.
You constrict the adder. The adder bites you but does no damage.
You completely miss the adder. You squeeze the adder.
The adder is heavily wounded.
You constrict the adder. The adder barely misses you.
You hit the adder.
You feel better.
You kill the adder!
Sif Muna accepts your kill. The ogre attacks as you move away!
The ogre hits you with a +0 giant club!!
The ogre attacks as you move away!
The ogre hits you with a +0 giant club!!
Ouch! That really hurt!
You die...

###.............).........
#......##.#..............#
#............##.....####......
#.......#............###......
##......##.........#.#.#......
#....#.............).........
##.####.#.....#..............
## ..##†#..........†......
..#.#@..........##....
#.O.................
#...................
..#......#............
#........###........##.
#..##..#.†............ .(..
#.##.............. ##.
#..#............>.
..........##.........


You could see an ogre.

Vanquished Creatures
  2 water moccasins (D:4)
  A hound (D:3)
  2 orc priests (D:3)
  2 orc wizards
  7 gnolls
  6 adders
  2 worms (D:2)
  2 dart slugs
  11 orcs
  7 ball pythons
  5 endoplasms
  A giant cockroach (D:3)
  7 hobgoblins
  7 jackals
  2 quokkas (D:3)
  4 frilled lizards
  6 goblins
  5 kobolds
  5 rats
84 creatures vanquished.

Notes
Turn   | Place    | Note
-------+----------+-------------------------------------------
     0 | D:1      | kingofthe the Octopode Conjurer began the quest for the
                  | Orb.
     0 | D:1      | Reached XP level 1. HP: 11/11 MP: 3/3
   263 | D:1      | Reached XP level 2. HP: 17/17 MP: 1/5
   563 | D:1      | Learned a level 2 spell: Searing Ray
  1010 | D:2      | Reached XP level 3. HP: 19/21 MP: 0/6
  1195 | D:2      | Reached XP level 4. HP: 7/27 MP: 0/8
  1496 | D:2      | Identified the +2 ring mail of Ytsa {rElec rPois rC++
                  | Int-5}
  2858 | D:3      | Reached XP level 5. HP: 31/31 MP: 6/9
  3329 | D:3      | Found a radiant altar of Vehumet.
  3333 | D:3      | Found an ancient bone altar of Kikubaaqudgha.
  3334 | D:3      | Found a shimmering blue altar of Sif Muna.
  3339 | D:3      | Got Sif Muna's Papyrus of Angles
  3341 | D:3      | Became a worshipper of Sif Muna the Loreminder
  3344 | D:3      | Learned a level 1 spell: Apportation
  3566 | D:3      | Found a broken altar of Ashenzari.
  3673 | D:3      | Reached skill level 5 in Conjurations
  3673 | D:3      | Reached XP level 6. HP: 28/36 MP: 5/11
  4038 | D:4      | Identified the ring "Cetuinia" {Fly rElec rPois AC+4 Str+3}
  4538 | D:4      | Noticed a water moccasin
  4545 | D:4      | Killed a water moccasin
  4546 | D:4      | Reached XP level 7. HP: 41/41 MP: 6/13
  4560 | D:4      | Reached skill level 5 in Stealth
  4567 | D:4      | Slain by an ogre

Illustrated notes

Levels and vault maps discovered:
D:1:      psy_arrival_radial01, layout_loops_ring
D:2:      layout_loops_ring
D:3:      minmay_skewed_foursquare, layout_loops_corners,
          grunt_temple_overflow_magic_moments, mainiacjoe_overflow_24_doors,
          kennysheep_orc_chapel
D:4:      layout_cave_pools, minmay_misc_feat_chi, abandoned_shop,
          guppyfry_shop_venom

Skill      XL: |  1  2  3  4  5  6  7 |
---------------+----------------------+-----
Stealth        | 3 4 5 |  5.0
Spellcasting   | 3 4 |  4.3
Dodging        | 3 4 |  4.2
Conjurations   | 5 |  5.6

Action                     |  1- 3 |  4- 6 |  7- 9 || total
---------------------------+-------+-------+-------++-------
  Melee: Unarmed           |    18 |     5 |       ||    23
         Constrict         |     7 |     1 |     1 ||     9
         Tentacles         |     4 |     2 |     1 ||     7
         Dagger            |       |     1 |     4 ||     5
   Cast: Magic Dart        |    30 |    79 |       ||   109
         Searing Ray       |     5 |    24 |     2 ||    31
 Armour: Skin              |     1 |       |     2 ||     3
  Dodge: Dodged            |     6 |    21 |     5 ||    32

Table legend: (Time is in decaauts)
 A = Elapsed time spent in this place.
 B = Non-inter-level travel time spent in this place.
 C = Inter-level travel time spent in this place.
 D = Time resting spent in this place.
 E = Time spent auto-exploring this place.
 F = Levels seen in this place.
 G = Mean time per level.
                   A        B        C        D        E       F      G
               +--------+--------+--------+--------+--------+-----+--------+
         Total |   4572 |   4411 |    161 |    576 |   3377 |   4 | 1143.0 |
       Dungeon |   4572 |   4411 |    161 |    576 |   3377 |   4 | 1143.0 |
               +--------+--------+--------+--------+--------+-----+--------+

Top non-repeatable levels by time:
     D:3: 2300 daAuts
     D:2: 1146 daAuts
     D:1: 930 daAuts
     D:4: 196 daAuts
